Map: Moebius Facility XX-1

Players

Loken

  • Race: Protoss Protoss
  • League: Platinum
  • Spawn Location: 7:00

Rugi

  • Race: Terran Terran
  • League: Master
  • Spawn Location: 1:00

Myran

  • Race: Protoss Protoss
  • Spawn Location: 12:00

dallaskuken

  • Race: Protoss Protoss
  • League: Platinum
  • Spawn Location: 6:00

FOX

  • Race: Terran Terran
  • League: Platinum
  • Spawn Location: 5:00

SaNiCh

  • Race: Zerg Zerg
  • League: Platinum
  • Spawn Location: 12:00

hillside

  • Race: Zerg Zerg
  • League: Platinum
  • Spawn Location: 6:00

Parkuller

  • Race: Terran Terran
  • League: Silver
  • Spawn Location: 11:00

VOD

Have the link to the VOD?

Description

Time

  • Played on: March 30, 2017, 4:34 p.m.
  • Length: 8:06
Show
View Real Time Build Order
Export as new Build Order

Loken Protoss 

Build Orders:  

Get SALT Encoding   

  12  0:01  Probe (Chrono Boost)  
  13  0:12  Probe (Chrono Boost)  
  14  0:25  Probe (Chrono Boost)  
  15  0:28  Pylon  
  15  0:49  Probe (Chrono Boost)  
  16  0:51  Gateway  
  16  0:56  Forge  
  16  1:00  Probe (Chrono Boost)  
  17  1:06  Pylon  
  17  1:11  Probe (Chrono Boost)  
  18  1:26  Probe (Chrono Boost)  
  19  1:36  Probe (Chrono Boost)  
  19  1:38  Zealot  
  22  1:49  Nexus  
  22  1:53  Assimilator  
  22  2:00  Cybernetics Core  
  22  2:15  Zealot  
  24  2:21  Probe (Chrono Boost)  
  25  3:10  Warp Gate  
  25  3:11  Probe (Chrono Boost)  
  26  3:13  Assimilator  
  26  3:15  Probe (Chrono Boost)  
  27  3:21  Stalker  
  27  3:22  Probe (Chrono Boost)  
  27  3:26  Probe (Chrono Boost)  
  31  3:33  Probe (Chrono Boost)  
  30  3:36  Probe (Chrono Boost)  
  31  3:43  Probe (Chrono Boost)  
  31  3:45  Assimilator  
  31  3:47  Probe (Chrono Boost)  
  33  3:49  Assimilator  
  33  3:54  Probe (Chrono Boost)  
  32  3:57  Probe (Chrono Boost)  
  33  4:04  Probe (Chrono Boost)  
  33  4:06  Stargate  
  33  4:08  Probe (Chrono Boost)  
  35  4:15  Probe (Chrono Boost)  
  36  4:18  Probe (Chrono Boost)  
  36  4:20  Stargate  
  37  4:29  Probe (Chrono Boost)  
  37  4:31  Probe (Chrono Boost)  
  39  4:37  Photon Cannon  
  39  4:39  Probe (Chrono Boost)  
  39  4:41  Probe (Chrono Boost)  
  40  4:46  Void Ray  
  38  4:53  Probe (Chrono Boost)  
  31  5:05  Probe (Chrono Boost)  
  25  5:15  Void Ray  
  29  5:24  Void Ray  
  29  5:27  Probe (Chrono Boost)  
  29  5:28  Pylon, Probe (Chrono Boost)  
  35  5:38  Probe (Chrono Boost)  
  35  5:39  Probe (Chrono Boost)  
  38  5:51  Probe (Chrono Boost)  
  38  6:03  Probe (Chrono Boost)  
  39  6:15  Probe (Chrono Boost)  
  34  6:55  Void Ray  
  34  6:58  Void Ray  
  38  7:28  Probe (Chrono Boost)  
  40  7:30  Probe (Chrono Boost)  
  40  7:35  Gateway  
  40  7:40  Probe (Chrono Boost)  
  40  7:42  Probe (Chrono Boost)  
  46  8:01  Pylon  
Show
View Real Time Build Order
Export as new Build Order

Rugi Terran 

Build Orders:  

Get SALT Encoding   

  12  0:00  SCV  
  13  0:13  SCV  
  14  0:20  Supply Depot  
  14  0:25  SCV  
  15  0:45  SCV  
  15  1:17  Barracks  
  3  2:31  Marine  
  1  3:39  SCV, Marine  
  3  3:57  SCV  
  3  4:00  Marine  
  5  4:09  Orbital Command  
  5  4:30  Marine  
  6  4:51  Marine  
  6  5:16  SCV, Marine  
  1  6:04  Orbital Command  
    7:09  Orbital Command  
    7:36  SCV  
  1  7:48  SCV  
  3  8:06  Supply Depot  
Show
View Real Time Build Order
Export as new Build Order

Myran Protoss 

Build Orders:  

Get SALT Encoding   

  12  0:02  Probe (Chrono Boost)  
  13  0:12  Probe (Chrono Boost)  
  14  0:20  Pylon  
  14  0:23  Probe (Chrono Boost)  
  15  0:38  Probe (Chrono Boost)  
  13  1:16  Probe (Chrono Boost)  
  9  1:27  Probe (Chrono Boost)  
  9  1:37  Probe (Chrono Boost)  
  10  1:48  Probe (Chrono Boost)  
  10  2:27  Probe (Chrono Boost)  
  1  2:41  Probe (Chrono Boost)  
  1  3:19  Probe (Chrono Boost)  
  2  4:13  Probe (Chrono Boost)  
  3  4:24  Probe (Chrono Boost)  
  4  4:35  Probe (Chrono Boost)  
  6  4:45  Probe (Chrono Boost)  
  6  4:58  Probe (Chrono Boost)  
  7  5:23  Probe (Chrono Boost)  
  8  5:33  Probe (Chrono Boost)  
Show
View Real Time Build Order
Export as new Build Order

dallaskuken Protoss 

Build Orders:  

Get SALT Encoding   

  12  0:01  Probe (Chrono Boost)  
  13  0:16  Pylon  
  13  0:18  Probe (Chrono Boost)  
  14  0:29  Probe (Chrono Boost)  
  15  0:40  Gateway  
  15  0:59  Probe (Chrono Boost)  
  16  1:22  Probe (Chrono Boost)  
  17  1:29  Zealot  
  17  1:32  Probe (Chrono Boost)  
  20  1:33  Cybernetics Core, Pylon  
  20  1:41  Assimilator  
  20  1:45  Assimilator  
  20  1:53  Zealot  
  23  2:02  Probe (Chrono Boost)  
  23  2:11  Warp Gate  
  23  2:14  Probe (Chrono Boost)  
  24  2:26  Probe (Chrono Boost)  
  26  2:38  Probe (Chrono Boost)  
  26  2:39  Zealot  
  26  3:09  Probe (Chrono Boost)  
  27  3:13  Stalker  
  29  3:37  Gateway  
  29  3:39  Gateway x2  
  29  3:50  Stalker  
  31  4:10  Pylon  
  31  4:11  Pylon  
  31  4:16  Probe (Chrono Boost)  
  8  4:53  Stalker  
  10  5:03  Probe (Chrono Boost)  
  12  5:15  Probe (Chrono Boost)  
  12  5:24  Stalker  
  12  5:27  Probe (Chrono Boost)  
  13  5:39  Probe (Chrono Boost)  
  15  5:51  Probe (Chrono Boost)  
  15  5:57  Stalker  
  15  6:03  Probe (Chrono Boost)  
  18  6:15  Probe (Chrono Boost)  
  15  6:27  Probe (Chrono Boost)  
  11  6:40  Stalker, Probe (Chrono Boost)  
  8  6:52  Probe (Chrono Boost)  
  6  7:04  Probe (Chrono Boost)  
  7  7:27  Probe (Chrono Boost)  
  8  7:39  Probe (Chrono Boost)  
  9  7:47  Stalker x2  
Show
View Real Time Build Order
Export as new Build Order

FOX Terran 

Build Orders:  

Get SALT Encoding   

  12  0:00  SCV  
  13  0:13  SCV  
  14  0:20  Supply Depot  
  14  0:25  SCV  
  15  0:42  SCV  
  16  0:43  Barracks  
  16  0:47  Refinery  
  16  0:54  SCV  
  17  1:06  SCV  
  17  1:08  Barracks  
  18  1:18  SCV  
  19  1:25  Barracks  
  19  1:30  SCV  
  19  1:31  Reaper  
  21  1:37  Refinery  
  21  1:53  Supply Depot  
  21  1:54  Orbital Command  
  21  1:58  Reaper  
  22  2:08  Reaper  
  22  2:15  Reaper  
  24  2:19  SCV  
  25  2:31  SCV, Reaper  
  25  2:33  Supply Depot  
  27  2:42  Reaper  
  28  2:49  Reaper  
  26  3:03  SCV, Reaper  
  28  3:15  SCV  
  28  3:20  Reaper  
  28  3:21  Reaper  
  30  3:27  SCV  
  31  3:35  Reaper  
  31  3:39  SCV, Engineering Bay  
  33  3:51  SCV  
  33  3:52  Reaper  
  33  3:53  Reaper  
  36  4:03  SCV  
  36  4:07  Reaper, Supply Depot  
  36  4:09  Command Center  
  38  4:15  SCV  
  39  4:29  Reaper  
  40  4:32  Marine  
  40  4:33  Supply Depot  
  41  4:39  Marine  
  42  4:50  Marine  
  43  4:57  Marine  
  44  5:00  Marine  
  45  5:08  Reaper  
  44  5:15  Reaper  
  44  5:19  Reaper  
  45  5:26  Orbital Command  
  45  5:28  Missile Turret  
  45  5:29  SCV  
  46  5:35  Missile Turret  
  46  5:41  SCV  
  46  5:42  Barracks Reactor  
  47  5:47  Barracks Reactor  
  47  5:51  Barracks Tech Lab  
  47  5:53  SCV  
  48  5:58  Factory  
  48  6:03  Missile Turret  
  48  6:05  SCV  
  48  6:10  Marine  
  50  6:18  SCV  
  51  6:24  Missile Turret  
  48  6:28  Marine  
  45  6:42  Marine x4  
  45  6:45  Marine  
  50  6:49  Missile Turret  
  48  7:00  Marine x4  
  50  7:02  Factory Tech Lab  
  50  7:03  Marine  
  50  7:05  Starport  
  51  7:11  Missile Turret  
  51  7:13  Refinery  
  51  7:17  Marine x2  
  51  7:18  Marine x2  
  51  7:21  Marine  
  51  7:31  Refinery  
  51  7:34  SCV x2  
  51  7:35  Marine x3  
  51  7:36  Marine  
  57  7:39  Marine  
  57  7:40  Supply Depot  
  58  7:46  SCV  
  58  7:47  SCV  
  58  7:48  Starport Reactor  
  60  7:52  Supply Depot  
Show
View Real Time Build Order
Export as new Build Order

SaNiCh Zerg 

Build Orders: Pool First 

Get SALT Encoding   

  12  0:06  Drone  
  9  2:23  Drone x2  
  10  3:12  Drone x2  
  12  3:32  Drone  
  12  3:43  Drone  
  12  3:45  Drone  
  14  4:14  Spawning Pool, Drone  
  14  4:21  Extractor  
  14  4:22  Drone  
  14  4:30  Overlord  
  14  4:40  Overlord  
  14  4:57  Drone x2  
  16  5:00  Drone, Extractor  
  16  5:22  Lair  
  16  5:29  Drone x2  
  18  5:44  Drone x2  
  20  6:21  Drone x3  
  20  6:23  Hydralisk Den  
  22  6:32  Hatchery  
  21  6:42  Queen  
  21  6:45  Overlord  
  23  6:53  Muscular Augments  
  23  6:54  Hydralisk  
  23  6:55  Hydralisk  
  27  7:05  Spore Crawler  
  27  7:07  Overseer  
  26  7:10  Hydralisk  
  28  7:19  Hydralisk  
  30  7:30  Hydralisk  
  32  7:40  Hydralisk  
  34  7:46  Overlord  
Show
View Real Time Build Order
Export as new Build Order

hillside Zerg 

Build Orders: Pool Only 

Get SALT Encoding   

  12  0:01  Drone  
  13  1:16  Drone  
  11  1:56  Drone  
  9  2:24  Drone  
  10  2:42  Drone  
  9  3:34  Drone x3  
  12  4:03  Drone x2  
  14  4:12  Extractor  
  14  4:13  Drone  
  14  4:18  Overlord  
  14  4:32  Spawning Pool  
  14  4:34  Drone  
  14  4:44  Drone  
  15  5:00  Drone x2  
  17  5:16  Drone  
  17  5:18  Queen  
  17  5:20  Metabolic Boost  
  20  5:25  Overlord  
  20  5:43  Drone  
  20  5:45  Zergling x2  
  21  5:57  Queen  
  23  6:04  Spore Crawler  
  20  6:14  Zergling x2  
  20  6:15  Zergling x2  
  20  6:25  Spore Crawler  
  19  6:26  Spore Crawler  
  14  7:16  Drone x3  
  17  7:35  Drone  
  20  7:38  Overlord  
  20  7:49  Zergling x2  
Show
View Real Time Build Order
Export as new Build Order

Parkuller Terran 

Build Orders:  

Get SALT Encoding   

  12  0:03  SCV  
  13  0:20  Supply Depot  
  13  0:26  Refinery  
  13  0:34  SCV  
  14  1:21  Barracks  
  14  1:22  SCV  
  15  1:33  Barracks  
  15  1:38  Barracks  
  15  1:39  SCV  
  16  1:47  Engineering Bay  
  16  1:51  SCV  
  17  2:03  SCV  
  18  2:15  SCV  
  19  2:16  Marine  
  19  2:19  Terran Infantry Weapons Level 1  
  19  2:21  Marine  
  21  2:24  Marine  
  21  2:27  SCV  
  23  3:12  Barracks  
  23  3:20  Orbital Command  
  23  3:25  Supply Depot  
  23  3:30  Supply Depot  
  23  3:38  Marine  
  23  3:41  Marine  
  23  3:44  Marine  
  23  3:56  Marine  
  23  3:59  Marine  
  23  4:02  Marine  
  27  4:05  Barracks Tech Lab  
  26  4:10  SCV  
  26  4:13  Terran Infantry Armor Level 1  
  26  4:14  Marine  
  26  4:17  Marine  
  28  4:20  Marine  
  28  4:22  SCV  
  31  4:26  Stimpack  
  31  4:32  Marine  
  31  4:34  SCV, Marine  
  31  4:38  Marine  
  35  4:41  Marine  
  36  4:50  Marine  
  36  4:52  Marine  
  37  4:55  Marine  
  39  5:13  Marine x4  
  43  5:31  Marine x4  
  46  5:49  Marine  
  47  6:01  Marine x3  
  50  6:07  Marine  
  51  6:18  Marine  
  51  6:19  Marine x2  
  51  6:25  Marine  
  55  6:39  Marine x3  
  58  6:42  Marine  
  58  6:43  Supply Depot  
  59  6:57  Marine x3  
  59  7:00  Marine  
  63  7:07  Supply Depot  
  63  7:14  Marine x3  
  66  7:18  Marine, Command Center  
  67  7:26  Factory  
  67  7:30  Supply Depot  
  67  7:32  Marine x3  
  67  7:36  Marine  
Tags
 
Add a new tag
Caveats
  • Supply blocks, unpowered buildings, or Contaminate may cause inaccurate times.
  • Supply counts are checked every 10 seconds.